 Dungeon Crawl Stone Soup version 0.26-a0-651-gb41185065b (webtiles) character file.

Game seed: 8815447107093762254

70 Ozzies the Skirmisher (level 4, 48/48 HPs)
             Began as a Troll Monk on Oct 3, 2020.
             Was a Priest of Lugonu.
             Quit the game on level 2 of the Dungeon.
             The game lasted 00:02:32 (1010 turns).

Ozzies the Skirmisher (Troll Monk)                  Turns: 1010, Time: 00:02:33

Health: 48/48      AC:  6    Str: 20    XL:     4   Next: 4%
Magic:  3/3        EV: 10    Int:  6    God:    Lugonu [***...]
Gold:   113        SH:  0    Dex: 12    Spells: 3/3 levels left

rFire    . . .     SeeInvis .     - Unarmed
rCold    . . .     Faith    .   (no shield)
rNeg     . . .     Spirit   .   a - +0 robe
rPois    .         Reflect  .   (helmet restricted)
rElec    .         Harm     .   (no cloak)
rCorr    .         Rampage  .   (gloves unavailable)
MR       .....                  (boots unavailable)
Stlth    ++........             (no amulet)
HPRegen  0.56/turn              (no ring)
MPRegen  0.08/turn              (no ring)

@: no status effects
A: large, unfitting armour, claws 3, regeneration 1, shaggy fur 1, tough skin 3
a: Depart the Abyss, Bend Space, Banish, Renounce Religion


You were on level 2 of the Dungeon.
You worshipped Lugonu.
Lugonu was most pleased with you.
You visited 1 branch of the dungeon, and saw 2 of its levels.

You collected 113 gold pieces.

Inventory:

Missiles
 i - 38 stones (quivered)
Armour
 a - a +0 robe (worn)
Scrolls
 b - 5 scrolls of identify {unknown}
 d - 2 scrolls of teleportation {unknown}
 e - 3 scrolls of amnesia {unknown}
 f - a scroll of enchant weapon {unknown}
 h - a scroll of immolation {unknown}
 j - a scroll of blinking {unknown}
 k - a scroll of remove curse {unknown}
Potions
 c - a potion of brilliance {unknown}
 g - 2 potions of degeneration {unknown}
 l - 2 potions of lignification {unknown}


   Skills:
 + Level 4.1 Fighting
 - Level 2.4 Dodging
 - Level 1.0 Stealth
 - Level 3.0 Unarmed Combat


You had 3 spell levels left.
You didn't know any spells.
Your spell library was empty.

Dungeon Overview and Level Annotations

Branches:
Dungeon (2/15)

Altars:
Nemelex Xobeh
Okawaru
Lugonu


Innate Abilities, Weirdness & Mutations

You are too large for most types of armour.
You have claws for hands.
Your natural rate of healing is unusually fast.
You are covered in fur. (AC +1)
You have extremely tough skin. (AC +3)


Message History

The worm is severely wounded.
You scratch the worm.
The worm is almost dead.
The worm barely misses you.
You claw the worm!
You kill the worm!
Lugonu accepts your kill.
You have reached level 4!
You see here a worm corpse.
Found an escape hatch in the floor.
A frilled lizard comes into view.
A leopard gecko comes into view.
There are monsters nearby!
There are monsters nearby!
There are monsters nearby!
Unknown command.
Unknown command.
Welcome back, Ozzies the Troll Monk.
Lugonu says: Spread carnage and corruption!
Press ? for a list of commands and other information.
Are you sure you want to abandon this character and quit the game? (Confirm with "yes".)

## .. #.
#.
#.###.###
#.......#
#####.#@#
#.#.#
#.#.#
ll#.# ###
###.######
.##..
#......#
....
######.#
#.. #.#
#.. #####
#.# ####..


There were no monsters in sight!

Vanquished Creatures
  2 adders (D:2)
  A worm (D:2)
  3 dart slugs
  2 leopard geckos (D:1)
  2 giant cockroaches
  3 goblins (D:2)
  5 hobgoblins
  4 jackals (D:2)
  A ball python (D:2)
  5 bats (D:1)
  2 frilled lizards
  6 kobolds
  4 rats
40 creatures vanquished.

Notes
Turn   | Place    | Note
-------+----------+-------------------------------------------
     0 | D:1      | Ozzies the Troll Monk began the quest for the Orb.
     0 | D:1      | Reached XP level 1. HP: 22/22 MP: 0/0
   204 | D:1      | Reached XP level 2. HP: 29/29 MP: 1/1
   207 | D:1      | Reached skill level 3 in Fighting
   659 | D:2      | Reached XP level 3. HP: 37/37 MP: 2/2
   805 | D:2      | Found a sparkling altar of Nemelex Xobeh.
   836 | D:2      | Found an iron altar of Okawaru.
   883 | D:2      | Found a faded altar of an unknown god.
   924 | D:2      | Reached skill level 4 in Fighting
   939 | D:2      | Became a worshipper of Lugonu the Unformed
   939 | D:2      | Reached * piety under Lugonu
   939 | D:2      | Reached ** piety under Lugonu
   939 | D:2      | Reached *** piety under Lugonu
   979 | D:2      | Reached XP level 4. HP: 48/48 MP: 3/3
  1010 | D:2      | Quit the game

Illustrated notes

Levels and vault maps discovered:
D:1:      wheals_arrival_shading, layout_loops_cross
D:2:      layout_basic, minitemple, chequers_ecumenical_altar_simple_redux,
          st_stairs_5

Skill      XL: |  1  2  3 |
---------------+----------+-----
Fighting       | 3 4 |  4.1
Dodging        | |  2.4
Stealth        | |  1.0
Unarmed Combat | |  3.0

Action                   |  1- 3 |  4- 6 || total
-------------------------+-------+-------++-------
Melee: Unarmed           |   115 |       ||   115
 Stab: Sleeping          |     2 |       ||     2
       Distracted        |     1 |       ||     1
Armor: Robe              |    48 |       ||    48
Dodge: Dodged            |    79 |       ||    79

Table legend: (Time is in decaauts)
 A = Elapsed time spent in this place.
 B = Non-inter-level travel time spent in this place.
 C = Inter-level travel time spent in this place.
 D = Time resting spent in this place.
 E = Time spent auto-exploring this place.
 F = Levels seen in this place.
 G = Mean time per level.
                   A        B        C        D        E       F      G
               +--------+--------+--------+--------+--------+-----+--------+
         Total |   1004 |    994 |     10 |      0 |    757 |   2 |  502.0 |
       Dungeon |   1004 |    994 |     10 |      0 |    757 |   2 |  502.0 |
               +--------+--------+--------+--------+--------+-----+--------+

Top non-repeatable levels by time:
     D:1: 643 daAuts
     D:2: 360 daAuts
